Map: Darkness Sanctuary LE

Players

Eule - Winner!

  • Race: Zerg Zerg
  • Spawn Location: 7:00

VOD

Have the link to the VOD?

Description

Time

  • Played on: July 23, 2018, 11:17 a.m.
  • Length: 23:21
Show
View Real Time Build Order
Export as new Build Order

Eule Zerg - Winner!

Build Orders:  

Get SALT Encoding   

  12  0:01  Drone  
  13  0:12  Drone  
  14  0:26  Overlord  
  14  0:36  Extractor, Drone  
  15  0:53  Drone  
  15  0:54  Drone  
  17  1:19  Drone  
  18  1:23  Hatchery  
  17  1:33  Drone  
  17  1:38  Extractor  
  17  1:46  Spawning Pool  
  16  1:56  Drone x2  
  18  2:04  Drone  
  19  2:16  Overlord  
  19  2:37  Drone  
  20  2:53  Drone  
  21  3:02  Queen  
  21  3:04  Queen  
  25  3:16  Zergling x4  
  27  3:27  Drone  
  27  3:28  Drone  
  29  4:02  Metabolic Boost  
  29  4:05  Baneling Nest  
  28  4:25  Drone x6  
  34  4:34  Hatchery  
  33  4:40  Overlord  
  33  5:03  Overlord  
  33  5:10  Drone x3  
  33  5:18  Overlord  
  36  5:32  Hatchery  
  36  5:33  Drone x3  
  36  5:34  Drone  
  39  5:49  Extractor  
  38  5:51  Extractor  
  38  5:55  Drone x7  
  44  6:07  Queen  
  46  6:28  Drone x6  
  52  6:33  Overlord  
  52  6:42  Overlord  
  52  6:52  Queen  
  52  6:56  Drone x4  
  52  6:59  Drone x3  
  61  7:16  Roach Warren  
  60  7:21  Drone x6  
  66  7:30  Extractor  
  66  7:37  Lair  
  65  7:43  Extractor  
  64  7:50  Extractor  
  62  8:15  Drone x17  
  79  8:39  Evolution Chamber x2  
  77  8:42  Evolution Chamber  
  77  8:46  Hydralisk Den  
  77  8:48  Hydralisk Den  
  74  8:53  Infestation Pit  
  73  9:17  Zerg Missile Weapons Level 1, Zerg Melee Weapons Level 1  
  73  9:18  Zerg Ground Armor Level 1  
  73  9:29  Drone x6  
  79  9:36  Glial Reconstitution  
  79  9:44  Overlord x5  
  79  9:45  Overlord x2  
  79  10:21  Hydralisk x12  
  103  10:31  Zergling x4  
  103  10:32  Hatchery, Zergling x4  
  106  10:46  Hatchery  
  105  11:02  Extractor  
  105  11:07  Extractor  
  105  11:09  Extractor  
  102  11:10  Roach x7  
  102  11:11  Roach x9  
  102  11:13  Unknown x2  
  102  11:14  Extractor  
  102  11:19  Overlord x2  
  133  11:52  Zergling x8  
  133  11:53  Zergling x20  
  133  11:58  Baneling x2  
  133  11:59  Baneling x9  
  147  12:02  Centrifical Hooks  
  147  12:08  Zerg Ground Armor Level 2  
  147  12:25  Hive  
  147  12:28  Zergling x18  
  141  12:43  Unknown  
  136  13:11  Queen  
  138  13:27  Zerg Missile Weapons Level 2  
  138  13:28  Zerg Melee Weapons Level 2  
  138  13:31  Zergling x16  
  138  13:32  Zergling x8  
  150  13:53  Queen  
  152  14:17  Viper x4  
  152  14:18  Unknown  
  151  14:52  Baneling x2  
  151  14:53  Baneling x14, Unknown  
  151  14:56  Zergling x26  
  164  15:38  Overlord x8  
  105  16:32  Hydralisk x11  
  105  16:33  Hydralisk x18  
  146  17:49  Hydralisk x16  
  108  17:50  Hydralisk  
  180  18:10  Zerg Missile Weapons Level 3, Lurker Den  
  180  18:14  Zerg Ground Armor Level 3  
  179  18:35  Overseer  
  179  18:37  Overseer  
  179  18:51  Zergling x22  
  179  18:52  Zergling x10  
  179  18:56  Zergling x4  
  179  18:58  Zergling x2  
  198  19:01  Zergling x2  
  199  20:02  Baneling  
  199  20:03  Baneling x16  
  198  20:28  Unknown  
  172  20:33  Hydralisk x2  
  172  20:34  Hydralisk x14  
  185  21:20  Lurker  
  185  21:21  Lurker x13  
  185  21:22  Lurker  
  185  21:27  Baneling x3  
  185  21:28  Baneling  
  196  21:44  Zergling x8  
Tags
 
Add a new tag
Caveats
  • Supply blocks, unpowered buildings, or Contaminate may cause inaccurate times.
  • Supply counts are checked every 10 seconds.